 Dungeon Crawl Stone Soup version 0.18.1-47-g9310371 (webtiles) character file.

70 sleepydude the Conjurer (level 4, -3/30 HPs)
             Began as a Mummy Conjurer on June 15, 2016.
             Slain by Crazy Yiuf
             ... wielding a +3 quarterstaff of chaos
              (10 damage)
             ... on level 3 of the Dungeon.
             The game lasted 00:12:35 (3136 turns).

sleepydude the Conjurer (Mummy Conjurer)            Turns: 3136, Time: 00:12:37

Health: -3/30      AC:  3    Str: 11    XL:     4   Next: 4%
Magic:  2/7        EV: 12    Int: 15    God:
Gold:   78         SH:  0    Dex: 12    Spells: 1 memorised, 6 levels left

rFire  x . .     SeeInvis .     (no weapon)
rCold  + . .     Gourm    .     a - +0 robe
rNeg   + + +     Faith    .     (no shield)
rPois  ∞         Spirit   .     (no helmet)
rElec  .         Dismiss  .     (no cloak)
rCorr  .         Reflect  .     (no gloves)
SustAt .         Harm     .     f - +0 pair of boots
MR     .....                    (no amulet)
Stlth  ++........               (no ring)
                                (no ring)

@: not resistant to hostile enchantments, unstealthy
A: no food or potions, fire vulnerability, cold resistance 1, negative energy
resistance 3, torment resistance, unbreathing
a: no special abilities


You were on level 3 of the Dungeon.
You were not hungry.

You visited 1 branch of the dungeon, and saw 3 of its levels.

You collected 78 gold pieces.

Inventory:

Armour
 a - a +0 robe (worn)
 f - a +0 pair of boots (worn)
Wands
 l - a wand of lightning (2/15)
Scrolls
 c - a scroll of identify {unknown}
 d - a scroll of remove curse {unknown}
 e - a scroll of fear {unknown}
 g - a scroll of noise {unknown}
 h - a scroll of random uselessness {unknown}
 i - a scroll of recharging {unknown}
 j - a scroll of fog {unknown}
 k - a scroll of teleportation {unknown}
Books
 b - a book of Conjurations

   Spells                             Type                      Level
   a - Magic Dart                     Conjuration                  1
   b - Searing Ray                    Conjuration                  2
   c - Dazzling Spray                 Conjuration/Hexes            3
   d - Fulminant Prism                Conjuration/Hexes            4
   e - Iskenderun's Mystic Blast      Conjuration                  4
   f - Iskenderun's Battlesphere      Conjuration/Charms           5
 m - a book of Changes

   Spells                             Type                      Level
   a - Beastly Appendage              Transmutation                1
   b - Sticks to Snakes               Transmutation                2
   c - Spider Form                    Transmutation/Poison         3
   d - Ice Form                       Ice/Transmutation            4
   e - Blade Hands                    Transmutation                5


   Skills:
 - Level 1.5 Dodging
 - Level 1.5 Stealth
 - Level 2.0 Spellcasting
 + Level 4.6 Conjurations


You had 6 spell levels left.
You knew the following spells:

 Your Spells              Type           Power        Failure   Level  Hunger
a - Magic Dart            Conj           ###.         3%          1    N/A

Dungeon Overview and Level Annotations

Branches:
Dungeon (3/15)

Altars:
Dithmenos
Xom
Yredelemnul

Annotations:
D:3 Crazy Yiuf


Innate Abilities, Weirdness & Mutations

You do not eat or drink.
Your flesh is vulnerable to fire.
You are immune to poison.
Your flesh is cold resistant.
You are immune to negative energy.
You are immune to unholy pain and torment.
You can survive without breathing.


Message History

Aim: Crazy Yiuf, wielding a quarterstaff of chaos and wearing a cloak (lightly wounded)
The magic dart hits Crazy Yiuf.
Crazy Yiuf is moderately wounded.
Crazy Yiuf says, "Crazy?
Crazy!?
PORCUPINE!"
Crazy Yiuf hits you with a quarterstaff of chaos!
* * * LOW HITPOINT WARNING * * *
Crazy Yiuf freezes you.
* * * LOW HITPOINT WARNING * * *
Crazy Yiuf screams, "Goober snail spinner!"
Evoke which item? (* to show all) (? for menu, Esc to quit)
Zapping:
l - a wand of lightning (will waste charges)
Press: ? - help, Shift-Dir - straight line, f/p - Crazy Yiuf
Aim: Crazy Yiuf, wielding a quarterstaff of chaos and wearing a cloak (moderately wounded)
You hear a mighty clap of thunder!
The bolt of lightning misses Crazy Yiuf.
Evoking this partially-identified wand wasted a few charges.
You hear a shout!
Crazy Yiuf grits, "Buddy down return to song!"
Crazy Yiuf hits you with a quarterstaff of chaos!
You die...

#......##..........†#.###.#.
#.#.##.##......##.###.......
#....#.##......##.# #####'##
#....#.##.>....##.# ##<..# #
#....#.##.........# ##...!.
## ##.#.##.######.#.###
#......
.####.......##########
####### .'................#
.####....#######@## ##
##.#.#### #g### ### #
#.......# #!..#♣♣♣ ♣#..)#
##.#####.##
#......♣♣♣♣.....# #..# #..#
##......♣..♣ #..# #..#
##.#..♣.♣♣♣ ####..# #..#
###♣♣♣♣♣ #...#.#####.##
............#


You could see Crazy Yiuf.

Vanquished Creatures
  2 adders
  3 giant geckos
  3 giant cockroaches
  6 goblins
  6 hobgoblins
  2 jackals (D:3)
  A quokka (D:3)
  5 bats
  A giant newt (D:2)
  2 gnoll zombies (D:2)
  6 kobolds
  10 rats
47 creatures vanquished.

Vanquished Creatures (others)
  5 sheep (D:3)
5 creatures vanquished.

Grand Total: 52 creatures vanquished

Notes
Turn   | Place    | Note
--------------------------------------------------------------
     0 | D:1      | sleepydude the Mummy Conjurer began the quest for the Orb.
     0 | D:1      | Reached XP level 1. HP: 13/13 MP: 3/3
   411 | D:1      | Reached XP level 2. HP: 19/19 MP: 3/5
  1148 | D:2      | Reached skill level 4 in Conjurations
  1475 | D:2      | Reached XP level 3. HP: 24/24 MP: 2/6
  1776 | D:2      | Found a shadowy altar of Dithmenos.
  2031 | D:2      | Found a basalt altar of Yredelemnul.
  2599 | D:3      | Reached XP level 4. HP: 28/30 MP: 0/7
  2742 | D:3      | Found a shimmering altar of Xom.
  3118 | D:3      | Noticed Crazy Yiuf
  3136 | D:3      | Slain by Crazy Yiuf

Skill      XL: |  1  2 |
---------------+-------+-----
Conjurations   | 4 |  4.6
Dodging        | |  1.5
Stealth        | |  1.5
Spellcasting   | |  2.0

Action                   |  1- 3 |  4- 6 || total
-------------------------+-------+-------++-------
Melee: Unarmed           |    53 |       ||    53
 Cast: Magic Dart        |   103 |    14 ||   117
Evoke: Wand              |       |     1 ||     1
Armor: Robe              |    33 |       ||    33
Dodge: Dodged            |    81 |     2 ||    83
